 Dungeon Crawl Stone Soup version 0.31.0-9-g3a7656b989 (webtiles) character file.

Game seed: 4654870997813329502

170 Killerpretzel the Conjurer (level 5, -2/28 HPs)
             Began as a Deep Elf Conjurer on Jan 24, 2024.
             Slain by Grinder (3 damage)
             ... while paralysed by Grinder
             ... on level 4 of the Dungeon.
             The game lasted 00:14:42 (3048 turns).

Killerpretzel the Conjurer (Deep Elf Conjurer)      Turns: 3048, Time: 00:14:43

Health: -2/28      AC:  3    Str:  4    XL:     5   Next: 25%
Magic:  11/15      EV:  2    Int: 25    God:
Gold:   121        SH:  0    Dex: 13    Spells: 8/15 levels left

rFire   . . .        r - +0 sling
rCold   . . .        (no shield)
rNeg    . . .        a - +0 robe
rPois   .            (no helmet)
rElec   .            (no cloak)
rCorr   .            (no gloves)
SInv    .            v - +0 pair of boots
Will    .....        (no amulet)
Stlth   ++           (no ring)
HPRegen 0.24/turn    (no ring)
MPRegen 0.14/turn

%: no passive effects
@: paralysed, on blink cooldown
A: no striking features
a: no special abilities


You were on level 4 of the Dungeon.
You visited 1 branch of the dungeon, and saw 4 of its levels.

You collected 121 gold pieces.

Inventory:

Hand Weapons
 g - a +0 dagger
 h - a +1 mace of draining
 r - a +0 sling (weapon)
 t - a +0 hand axe
Missiles
 q - 7 boomerangs
 s - 5 stones (quivered)
Armour
 a - a +0 robe (worn)
 v - a +0 pair of boots (worn)
 w - the +0 ring mail "Nuqorouf" {Dex+6}
   (You found it on level 4 of the Dungeon)

   Dex+6:     It affects your dexterity (+6).
Scrolls
 c - 2 scrolls of immolation
 d - a scroll of revelation {unknown}
 e - a scroll of summoning {unknown}
 i - 2 scrolls of identify {unknown}
 k - 3 scrolls of fear {unknown}
 n - a scroll of teleportation {unknown}
 p - 2 scrolls of poison {unknown}
 u - a scroll of enchant weapon {unknown}
 x - a scroll of noise {unknown}
Potions
 b - a potion of magic
 f - a potion of might {unknown}
 j - a potion of enlightenment {unknown}
 l - 2 potions of berserk rage {unknown}
 m - a potion of curing {unknown}
 o - a potion of attraction {unknown}


   Skills:
 - Level 2.6 Dodging
 - Level 2.6 Stealth
 * Level 5.5 Spellcasting
 * Level 5.9 Conjurations


You had 8 spell levels left.
You knew the following spells:

 Your Spells              Type           Power      Damage    Failure   Level
a - Magic Dart            Conj           100%       1d8       1%          1
b - Searing Ray           Conj           72%        2d7       1%          2
c - Blink                 Tloc           12%        N/A       12%         2
d - Call Imp              Summ           12%        N/A       12%         2

Your spell library contained the following spells:

 Spells                   Type           Power      Damage    Failure   Level
 Ensorcelled Hibernation  Hex/Ice        12%        N/A       12%         2
 Fulminant Prism          Conj/Alch      10%        3d8       22%         4
 Iskenderun's Mystic Bla  Conj/Tloc      21%        2d6       22%         4
 Passwall                 Erth           6%         N/A       24%         3
 Swiftness                Air            6%         N/A       24%         3
 Chain Lightning          Conj/Air       10%        3d14      100%        9
 Fire Storm               Conj/Fire      10%        8d3       100%        9
 Shatter                  Erth           3%         3d7*      100%        9


Dungeon Overview and Level Annotations

Branches:
Dungeon (4/15)
 Temple: D:4-7

Altars:
Fedhas

Shops:
D:3 ?

Annotations:
D:3 1 runed translucent door, exclusions: downstairs and 1 more exclusion, Crazy Yiuf
D:4 Eustachio, Grinder


Message History

You are poisoned.
The scorpion poisons you!
Your cerulean imp closely misses the scorpion.
The searing ray hits the scorpion.
You kill the scorpion!
You feel very sick.
You have reached level 5!
You start resting.
You feel sick. x8
You are no longer poisoned.
Your cerulean imp disappears in a puff of smoke!
Magic restored.
HP restored.
Grinder comes into view.
Grinder shouts!
Casting: Searing Ray (safe; 1% risk of failure)
Confirm with . or Enter, or press ? or * to list all spells.
You blink.
Casting: Blink (safe; 12% risk of failure)
Confirm with . or Enter, or press ? or * to list all spells.
You are still too unstable to blink.
Casting: Blink (safe; 12% risk of failure)
Confirm with . or Enter, or press ? or * to list all spells.
A tiny devil pulls itself out of the air.
Grinder says, "What is the universe for?"
Grinder gestures at you.
You suddenly lose the ability to move!
Grinder hits you!
You writhe in agony.
Your cerulean imp hits Grinder but does no damage.
Grinder hits you!
You writhe in agony.
* * * LOW HITPOINT WARNING * * *
Your cerulean imp hits Grinder from afar with a -4 spear.
Grinder hits you.
* * * LOW HITPOINT WARNING * * *
Your cerulean imp hits Grinder from afar with a -4 spear.
Grinder says, "There's only one good use for a tongue: cutting it out."
Grinder hits you.
* * * LOW HITPOINT WARNING * * *
You writhe in agony.
You die...
Grinder says, "Hey, I wasn't done torturing you yet!"

##########
#....5@5.###
#+######...#
###.# #.##
#..# ##.#
#.# #.# #.#


You could see Grinder (ally target) and a friendly cerulean imp (summoned).

Vanquished Creatures
  A scorpion (D:4)
  A bombardier beetle (D:3)
  3 adders
  A ribbon worm (D:2)
  2 orcs (D:3)
  6 ball pythons
  3 bats
  An endoplasm (D:1)
  4 giant cockroaches
  3 goblins
  4 hobgoblins
  7 jackals
  3 quokkas
  3 frilled lizards
  A kobold (D:3)
  2 rats
45 creatures vanquished.

Notes
Turn   | Place    | Note
-------+----------+-------------------------------------------
     0 | D:1      | Killerpretzel the Deep Elf Conjurer began the quest for the
                  | Orb.
     0 | D:1      | Reached XP level 1. HP: 10/10 MP: 6/6
    49 | D:1      | Found a faded altar of an unknown god.
   268 | D:1      | Reached XP level 2. HP: 15/15 MP: 6/8
   359 | D:1      | Learned a level 2 spell: Searing Ray
  1008 | D:2      | Reached XP level 3. HP: 19/19 MP: 7/10
  1297 | D:2      | Reached skill level 5 in Conjurations
  1791 | D:3      | Reached XP level 4. HP: 24/24 MP: 6/12
  1958 | D:3      | Found Reyje's Magic Scroll Boutique.
  2309 | D:3      | Reached skill level 5 in Spellcasting
  2421 | D:3      | Found a runed translucent door.
  2453 | D:3      | Found a blossoming altar of Fedhas.
  2514 | D:3      | Learned a level 2 spell: Blink
  2517 | D:3      | Learned a level 2 spell: Call Imp
  2664 | D:3      | Noticed Crazy Yiuf
  2732 | D:4      | Identified the +0 ring mail "Nuqorouf" {Dex+6}
  2734 | D:4      | Noticed Eustachio
  2736 | D:4      | Noticed a scorpion
  2941 | D:4      | Killed a scorpion
  2942 | D:4      | Reached XP level 5. HP: 21/28 MP: 8/15
  3042 | D:4      | Noticed Grinder
  3044 | D:4      | Paralysed by Grinder for 5 turns
  3048 | D:4      | HP: 1/28 [Grinder (1)]
  3048 | D:4      | Slain by Grinder

Illustrated notes

Levels and vault maps discovered:
D:1:      saegor_arrival_simple_c, layout_basic,
          hellmonk_ecumenical_altar_blasted
D:2:      layout_basic, hex_medium
D:3:      layout_loops_ring, lemuel_tele_altar, serial_shops,
          nicolae_shop_real_fake_doors, uniq_crazy_yiuf_cottage
D:4:      layout_rooms, kennysheep_potato, uniq_eustachio, uniq_menkaure,
          uniq_grinder

Skill      XL: |  1  2  3  4 |
---------------+-------------+-----
Spellcasting   | 4 5 |  5.5
Conjurations   | 5 |  5.9
Dodging        | |  2.6
Stealth        | |  2.6

Action                     |  1- 3 |  4- 6 || total
---------------------------+-------+-------++-------
   Fire: Sling             |       |     1 ||     1
   Cast: Magic Dart        |    47 |    23 ||    70
         Searing Ray       |     6 |     4 ||    10
         Call Imp          |       |     3 ||     3
         Blink             |       |     2 ||     2
 Armour: Robe              |     2 |     9 ||    11
  Dodge: Dodged            |     4 |     9 ||    13
